 Dungeon Crawl Stone Soup version 0.30.1-11-g7821555f0a (webtiles) character file.

Game seed: 8050565928524327033

644 Gumption the Chopper (level 7, 0/61 (63) HPs)
             Began as a Minotaur Berserker on Nov 2, 2023.
             Was a Priest of Trog.
             Slain by a wight
             ... wielding a +0 great sword
              (8 damage)
             ... on level 5 of the Dungeon.
             The game lasted 00:30:14 (4501 turns).

Gumption the Chopper (Minotaur Berserker)           Turns: 4501, Time: 00:30:15

HP:   0/61 (63)     AC: 10    Str: 24    XL:     7   Next: 26%
MP:   6/6           EV:  9    Int:  4    God:    Trog [***...]
Gold: 79            SH:  0    Dex:  9    Spells: 6/6 levels left

rFire   + . .        a - +1 hand axe (vamp)
rCold   . . .        (no shield)
rNeg    . . .        j - +1 chain mail
rPois   .            (helmet restricted)
rElec   .            (no cloak)
rCorr   .            (no gloves)
SInv    .            (no boots)
Will    .....        (no amulet) Stlth
                     c - ring of protection from fire
HPRegen 0.30/turn    (no ring)
MPRegen 0.10/turn

%: no passive effects
@: lightly drained
A: horns 2, retaliatory headbutt
a: Renounce Religion, Berserk, Trog's Hand


You were on level 5 of the Dungeon.
You worshipped Trog.
Trog was most pleased with you.
You visited 1 branch of the dungeon, and saw 5 of its levels.

You collected 219 gold pieces.
You spent 140 gold pieces at shops.

Inventory:

Hand Weapons
 a - a +1 vampiric hand axe (weapon)
 b - a +2 sling of freezing
 u - a +0 war axe
Missiles
 e - 51 stones (quivered)
 g - 4 poisoned darts
 v - a throwing net
Armour
 j - a +1 chain mail (worn)
Jewellery
 c - a ring of protection from fire (left hand)
 o - a ring of ice
Scrolls
 d - 5 scrolls of identify
 f - a scroll of brand weapon
 h - a scroll of poison
 k - a scroll of blinking
 l - 3 scrolls of teleportation
 n - a scroll of enchant armour
 p - a scroll of butterflies
 q - a scroll of fear
 r - 2 scrolls of enchant weapon
 t - a scroll of fog
Potions
 i - a potion of mutation
 m - 2 potions of invisibility
 s - a potion of might


   Skills:
 + Level 6.0 Fighting
 * Level 7.6 Axes
 + Level 5.2 Armour
 - Level 2.1 Dodging


You had 6 spell levels left.
You didn't know any spells.
Your spell library was empty.

Dungeon Overview and Level Annotations

Branches:
Dungeon (5/15)             Temple (0/1) D:5

Altars:
Cheibriados
Dithmenos
Gozag
Hepliaklqana
Nemelex Xobeh
Sif Muna

Shops:
D:1 ?   D:2 [


Innate Abilities, Weirdness & Mutations

You have a pair of horns on your head.
You reflexively headbutt those who attack you in melee.


Message History

The wight barely misses you.
You closely miss the wight. Your headbutt misses the wight.
The wight is almost destroyed.
The wight hits you with a +3 scimitar.
You barely miss the wight. Your headbutt misses the wight.
The wight is almost destroyed.
The wight closely misses you.
A wight comes into view. It is wielding a +4 dagger of freezing.
You barely miss the wight.
The wight is severely damaged.
You hit the wight. The wight barely misses you. The wight closely misses you.
You barely miss the wight.
You headbutt the wight, but do no damage.
The wight is severely damaged.
You closely miss the wight. The wight closely misses you.
You furiously retaliate!
You headbutt the wight. The wight hits you with a +3 scimitar.
You feel drained.
A wight comes into view. It is wielding a +4 war axe.
You hit the wight but do no damage. Your headbutt misses the wight.
The wight is severely damaged.
You hit the wight but do no damage. The wight hits you with a +3 scimitar.
You hit the wight.
You destroy the wight!
Trog accepts your kill.
You hit the wight. You closely miss the wight. The wight barely misses you. x2
You furiously retaliate!
You headbutt the wight, but do no damage.
Your life force feels restored.
Your Fighting skill increases to level 6!
The wight attacks as you move away! The wight hits you with a +4 war axe!
You feel drained. The wight closely misses you.
The wight hits you with a +4 war axe! The wight attacks as you move away!
The wight hits you but does no damage. The wight attacks as you move away!
The wight hits you with a +0 great sword!
* * * LOW HITPOINT WARNING * * *
You closely miss the wight.
The wight is moderately damaged.
The wight hits you with a +0 great sword!
You die...

# #.......... #....... #.
##.####..# ######....##
###..###'####..###...##....##
...........#................#
...........'................'
###+####...#######...###....#
..##...###...##..###########'##
........))...#.................
............z#@................
..#..#.##..#zz#..#......##.....
# ## #######################


You could see 2 wights.

Vanquished Creatures
  3 scorpions (D:4)
  2 wights (D:5)
  2 gnoll boudas
  An iron imp (D:4)
  2 iguanas
  An orc wizard (D:3)
  5 adders
  4 gnolls (D:4)
  3 ufetubi
  2 worms (D:3)
  3 dart slugs
  2 orcs (D:3)
  5 ball pythons
  14 endoplasms
  10 giant cockroaches
  6 goblins
  7 hobgoblins
  6 jackals
  2 kobolds
  8 quokkas
  3 bats
  A frilled lizard (D:3)
  4 rats
96 creatures vanquished.

Notes
Turn   | Place    | Note
-------+----------+-------------------------------------------
     0 | D:1      | Gumption the Minotaur Berserker began the quest for the
                  | Orb.
     0 | D:1      | Reached XP level 1. HP: 19/19 MP: 0/0
    42 | D:1      | Found Nuisa's Magic Scroll Boutique.
   235 | D:1      | Reached skill level 4 in Axes
   235 | D:1      | Reached XP level 2. HP: 26/27 MP: 1/1
   691 | D:1      | Bought a scroll of identify for 20 gold pieces
   706 | D:2      | Reached XP level 3. HP: 18/33 MP: 2/2
   840 | D:2      | Found a shadowy altar of Dithmenos.
   869 | D:2      | Found Alewkug's Antique Armour Shoppe.
   923 | D:1      | Bought a scroll of noise for 10 gold pieces
  1021 | D:2      | Reached ** piety under Trog
  1590 | D:3      | Reached XP level 4. HP: 41/41 MP: 3/3
  1674 | D:3      | Reached skill level 5 in Axes
  1851 | D:3      | Found a shimmering blue altar of Sif Muna.
  1874 | D:3      | Found a hazy altar of Hepliaklqana.
  2441 | D:3      | Found a sparkling altar of Nemelex Xobeh.
  2441 | D:3      | Found a transporter.
  2454 | D:3      | Reached XP level 5. HP: 46/47 MP: 4/4
  2564 | D:1      | Bought 2 scrolls of identify for 40 gold pieces
  2765 | D:1      | Bought a scroll of teleportation for 30 gold pieces
  2907 | D:4      | Reached skill level 5 in Fighting
  2907 | D:4      | Reached skill level 6 in Axes
  2965 | D:4      | Found an opulent altar of Gozag.
  3076 | D:4      | Reached XP level 6. HP: 33/56 MP: 5/5
  3364 | D:4      | Reached skill level 7 in Axes
  3505 | D:4      | Found a snail-covered altar of Cheibriados.
  3833 | D:1      | Bought a scroll of vulnerability for 40 gold pieces
  3889 | D:5      | Entered Level 5 of the Dungeon
  4034 | D:5      | Found a staircase to the Ecumenical Temple.
  4072 | D:5      | Reached XP level 7. HP: 39/62 MP: 6/6
  4407 | D:5      | Reached skill level 5 in Armour
  4495 | D:5      | Reached *** piety under Trog
  4501 | D:5      | Slain by a wight

Illustrated notes

Levels and vault maps discovered:
D:1:      spicycebolla_arrival_ecumenical, layout_basic, serial_shops, shop
D:2:      minmay_angry_zag, layout_loops_ring, basic_altar, serial_shops, shop,
          minmay_worlds_worst_comb
D:3:      layout_loops_ring, grunt_nemelex_the_gamble, nicolae_overflow_squiral
D:4:      layout_loops_ring, kennysheep_mini, slow_altar_2
D:5:      layout_gridville, minmay_temple_entry_slanted

Skill      XL: |  1  2  3  4  5  6  7 |
---------------+----------------------+-----
Axes           | 4 5 6 7 |  7.6
Fighting       | 4 5 6 |  6.0
Armour         | 3 4 5 |  5.2
Dodging        | |  2.1

Action                     |  1- 3 |  4- 6 |  7- 9 || total
---------------------------+-------+-------+-------++-------
  Melee: Hand axe          |    68 |   154 |    22 ||   244
         Headbutt          |     8 |    26 |     4 ||    38
         Punch             |       |     1 |       ||     1
   Fire: Sling             |    13 |     3 |       ||    16
 Invoke: Trog's Hand       |       |     3 |       ||     3
         Berserk           |       |     1 |       ||     1
    Use: Scroll            |     1 |     9 |     3 ||    13
   Stab: Sleeping          |     1 |       |       ||     1
 Armour: Animal skin       |     6 |       |       ||     6
         Chain mail        |    19 |    57 |    10 ||    86
  Dodge: Dodged            |    38 |    57 |    14 ||   109
